 Dungeon Crawl Stone Soup version 0.26.1-11-gd32895ea62 (webtiles) character file.

Game seed: 14566459364542290832

711 ubername the Slasher (level 7, -1/57 HPs)
             Began as a Barachi Berserker on July 12, 2021.
             Was a Priest of Trog.
             Slain by an ice beast (13 damage)
             ... on level 7 of the Dungeon.
             The game lasted 00:10:27 (7185 turns).

ubername the Slasher (Barachi Berserker)            Turns: 7185, Time: 00:10:28

Health: -1/57      AC:  6    Str: 20    XL:     7   Next: 68%
Magic:  7/7        EV: 10    Int:  7    God:    Trog [***...]
Gold:   351        SH: 14    Dex: 12    Spells: 6/6 levels left

rFire    + . .     SeeInvis .   a - +0 falchion
rCold    . . .     Faith    .   b - +0 kite shield
rNeg     + . .     Spirit   .   w - +0 ring mail
rPois    .         Reflect  +   (no helmet)
rElec    .         Harm     .   (no cloak)
rCorr    .         Rampage  .   (no gloves)
Will     .....                  (no boots)
Stlth    +.........             p - amulet of reflection
HPRegen  0.19/turn              t - ring of protection from fire
MPRegen  0.10/turn              D - ring of positive energy

@: lethally poisoned (-1 -> -3), berserk cooldown, slowed, very slow
A: +LOS, swims, slowness 1, strong legs 1
a: Hop, Renounce Religion, Berserk, Trog's Hand


You were on level 7 of the Dungeon.
You worshipped Trog.
Trog was most pleased with you.
You visited 1 branch of the dungeon, and saw 7 of its levels.

You collected 351 gold pieces.

Inventory:

Hand Weapons
 a - a +0 falchion (weapon)
 r - a +0 short sword of draining
Missiles
 d - 165 stones
Armour
 b - a +0 kite shield (worn)
 w - a +0 ring mail (worn)
 x - a +0 tower shield
 F - a +0 pair of boots
Jewellery
 p - an amulet of reflection (around neck)
 t - a ring of protection from fire (left hand)
 y - an uncursed amulet of the acrobat
 B - a cursed amulet of inaccuracy {unknown}
 D - a ring of positive energy (right hand)
 H - an uncursed ring of protection from cold {unknown}
Wands
 q - a wand of paralysis (8)
 I - a wand of polymorph (8)
Scrolls
 c - 2 scrolls of magic mapping
 e - a scroll of enchant armour
 f - 3 scrolls of remove curse
 g - 2 scrolls of identify
 k - a scroll of enchant weapon
 l - 6 scrolls of teleportation
 o - 2 scrolls of immolation {unknown}
 u - 2 scrolls of blinking {unknown}
 z - a scroll of fog {unknown}
 C - a scroll of amnesia {unknown}
Potions
 h - 3 potions of heal wounds {unknown}
 i - a potion of mutation {unknown}
 j - 3 potions of curing {unknown}
 m - a potion of ambrosia {unknown}
 n - a potion of berserk rage {unknown}
 s - a potion of brilliance {unknown}
 v - 2 potions of might {unknown}
 A - a potion of haste {unknown}
 E - a potion of lignification {unknown}
 G - a potion of degeneration {unknown}
 J - a potion of flight {unknown}


   Skills:
 + Level 5.8 Fighting
 + Level 6.7 Long Blades
 + Level 4.6 Armour
 + Level 3.9 Dodging
 + Level 1.2 Stealth
 + Level 2.7 Shields


You had 6 spell levels left.
You didn't know any spells.
Your spell library was empty.

Dungeon Overview and Level Annotations

Branches:
Dungeon (7/15)             Temple (0/1) D:6

Altars:
Ashenzari
Nemelex Xobeh
Ru
Trog


Innate Abilities, Weirdness & Mutations

You can be seen from farther away. (+LOS)
You can swim through water.
You cover ground slowly.
You can hop short distances.


Message History

The ice beast hits you. The ice beast freezes you!
You hit the ice beast.
The ice beast is almost dead.
You are no longer berserk.
You are exhausted.
You feel yourself slow down.
You feel sick.
You block the water moccasin's attack. x2
You hit the ice beast but do no damage.
The ice beast is almost dead.
The ice beast hits you. The ice beast freezes you!
* * * LOW HITPOINT WARNING * * *
You block the water moccasin's attack.
The ice beast hits you but does no damage.
You block the water moccasin's attack.
Your shield and ring mail prevent you from hitting the ice beast.
The ice beast is almost dead.
You feel sick. The water moccasin barely misses you. The ice beast hits you.
* * * LOW HITPOINT WARNING * * *
The ice beast freezes you!
You die...

## ..###.. #(
...c.. ## .......
#..##.#c..
#.....#..#
#........# #.....<#
.....#...######....
.. #...†@S......_
#.#.)Y...#.._8
...#......#
####......##
#...#.## >..##.#
..... .# #..... ..
#...# ..


You could see a water moccasin and an ice beast.

Vanquished Creatures
  2 centaurs
  A howler monkey (D:5)
  An orc priest (D:3)
  A hound (D:5)
  A bullfrog skeleton (D:6)
  A jelly (D:5)
  Natasha (thrice) (D:2)
  3 worker ants
  A hound skeleton (D:5)
  A worker ant zombie (D:6)
  6 gnolls
  6 adders
  An ufetubus (D:6)
  An adder skeleton (D:7)
  3 worms
  A dart slug (D:2)
  6 leopard geckos
  16 orcs
  2 ball pythons
  2 giant cockroaches
  10 goblins
  5 hobgoblins
  4 jackals (D:2)
  A quokka (D:6)
  4 bats
  4 frilled lizards
  7 kobolds
  5 rats (D:2)
99 creatures vanquished.

Notes
Turn   | Place    | Note
-------+----------+-------------------------------------------
     0 | D:1      | ubername the Barachi Berserker began the quest for the Orb.
     0 | D:1      | Reached XP level 1. HP: 18/18 MP: 1/1
   582 | D:1      | Reached XP level 2. HP: 25/25 MP: 2/2
  1093 | D:2      | Noticed Natasha
  1108 | D:2      | Reached skill level 4 in Long Blades
  1155 | D:2      | You fall into a shaft and drop 2 floors!
  1206 | D:3      | Reached XP level 3. HP: 21/31 MP: 3/3
  1520 | D:3      | Reached XP level 4. HP: 35/38 MP: 4/4
  2373 | D:3      | Reached skill level 5 in Fighting
  2744 | D:3      | Reached ** piety under Trog
  3126 | D:2      | Killed Natasha
  3127 | D:2      | Reached skill level 5 in Long Blades
  3127 | D:2      | Reached XP level 5. HP: 44/44 MP: 5/5
  3370 | D:2      | Noticed Natasha
  3387 | D:2      | Killed Natasha
  3805 | D:2      | Noticed Natasha
  3812 | D:2      | Killed Natasha
  4164 | D:4      | Reached XP level 6. HP: 47/51 MP: 6/6
  4246 | D:4      | Reached *** piety under Trog
  4573 | D:4      | Reached skill level 1 in Shields
  4765 | D:4      | Found a broken altar of Ashenzari.
  5302 | D:5      | Entered Level 5 of the Dungeon
  5354 | D:5      | Reached skill level 1 in Stealth
  5354 | D:5      | Found a bloodstained altar of Trog.
  5474 | D:5      | Reached skill level 6 in Long Blades
  6122 | D:5      | Reached XP level 7. HP: 56/56 MP: 7/7
  6294 | D:6      | Found a staircase to the Ecumenical Temple.
  7163 | D:7      | Found a sparkling altar of Nemelex Xobeh.
  7164 | D:7      | Found a sacrificial altar of Ru.
  7185 | D:7      | Slain by an ice beast

Illustrated notes

Levels and vault maps discovered:
D:1:      dpeg_arrival_rooms_b, layout_loops_ring, minmay_octomino_j4
D:2:      layout_loops_ring, uniq_natasha
D:3:      minmay_general_purpose_star, layout_loops_ring, minmay_pentomino_pile
D:4:      layout_gridville, ashenzari_conservatory_becter, minivault_26
D:5:      layout_basic, lemuel_round_altar
D:6:      layout_gridville, minmay_temple_entry_purple_smoke, st_stairs_1
D:7:      layout_cave_pools, chequers_temple_overflow_statue_of_worship,
          serial_column_ruins, column_ruins_courtyard_long_water,
          column_ruins_corridor_straight, column_ruins_open_small,
          column_ruins_open_medium, column_ruins_columns_T,
          column_ruins_open_tiny

Skill      XL: |  1  2  3  4  5  6  7 |
---------------+----------------------+-----
Fighting       | 4 5 |  5.8
Long Blades    | 4 5 6 |  6.7
Armour         | 3 4 |  4.6
Dodging        | 3 |  3.9
Shields        | 1 2 |  2.7
Stealth        | 1 |  1.2

Action                   |  1- 3 |  4- 6 |  7- 9 || total
-------------------------+-------+-------+-------++-------
Melee: Falchion          |    55 |   252 |    62 ||   369
Invok: Berserk           |     3 |    10 |     2 ||    15
  Use: Scroll            |       |    11 |       ||    11
Armor: Animal skin       |     7 |       |       ||     7
       Leather armour    |     3 |    19 |       ||    22
       Ring mail         |       |    44 |    15 ||    59
Dodge: Dodged            |    50 |   102 |    27 ||   179
Block: Buckler           |       |     1 |       ||     1
       Kite shield       |       |    88 |    45 ||   133
       Reflection        |       |       |     3 ||     3
       Rpst.: Falchion   |    14 |    27 |    10 ||    51
